 Dungeon Crawl Stone Soup version 0.31.0-9-g3a7656b989 (webtiles) character file.

Game seed: 8292866855727295430

74 qw the Shooter (level 4, 0/25 HPs)
             Began as a Deep Elf Hunter on Feb 2, 2024.
             Killed from afar by Dowan (8 damage)
             ... with a puff of flame
             ... on level 4 of the Dungeon.
             The game lasted 00:00:44 (2405 turns).

qw the Shooter (Deep Elf Hunter)                    Turns: 2405, Time: 00:00:45

Health: 0/25       AC:  6    Str: 16    XL:     4   Next: 9%
Magic:  6/6        EV: 11    Int: 14    God:
Gold:   163        SH:  0    Dex: 18    Spells: 3/3 levels left

rFire   . . .        a - +1 shortbow
rCold   . . .        (shield currently unavailable)
rNeg    . . .        m - +0 ring mail
rPois   .            l - +0 helmet
rElec   .            (no cloak)
rCorr   .            (no gloves)
SInv    .            (no boots)
Will    +....        (no amulet)
Stlth   +            d - +6 ring of strength
HPRegen 0.24/turn    i - ring of willpower
MPRegen 0.10/turn

%: no passive effects
@: no status effects
A: no striking features
a: no special abilities


You were on level 4 of the Dungeon.
You visited 1 branch of the dungeon, and saw 4 of its levels.

You collected 163 gold pieces.


   Skills:
 - Level 1.5 Fighting
 + Level 7.5 Ranged Weapons
 - Level 2.4 Dodging
 - Level 1.2 Stealth


You had 3 spell levels left.
You didn't know any spells.
Your spell library was empty.

Inventory:

Hand Weapons
 a - a +1 shortbow (weapon)
Armour
 l - a +0 helmet (worn)
 m - a +0 ring mail (worn)
Jewellery
 d - a +6 ring of strength (left hand)
 i - a ring of willpower (right hand)
Wands
 g - a wand of charming (6)
 k - a wand of polymorph (4)
Scrolls
 c - a scroll of teleportation
 o - a scroll of identify
Potions
 b - a potion of mutation
 e - a potion of curing
 f - a potion of heal wounds
 h - a potion of lignification {unknown}
 j - a potion of haste {unknown}
 n - a potion of resistance {unknown}

Dungeon Overview and Level Annotations

Branches:
Dungeon (4/15)
 Temple: D:4-7

Altars:
Wu Jian

Shops:
D:1 :

Annotations:
D:4 Dowan, Duvessa


Message History

You see here a ball python corpse.
You open the door.
Found a stone staircase leading down.
Duvessa and Dowan come into view.
Duvessa is wielding a +0 short sword and carrying a wand of polymorph.
Duvessa shouts!
Dowan shouts!
Dowan smirks and points a slender finger.
You shoot an arrow. The arrow closely misses Dowan.
You shoot an arrow. The arrow misses Dowan.
Dowan hits you but does no damage. Dowan gestures at you while chanting.
You resist with almost no effort.
Duvessa gestures with her weapon.
You shoot an arrow. The arrow hits Dowan!
Dowan is moderately wounded.
Duvessa zaps a wand.
You resist with almost no effort.
You shoot an arrow. The arrow hits Dowan.
Dowan is heavily wounded.
Dowan barely misses you.
Duvessa zaps a wand.
You resist with almost no effort.
You shoot an arrow. The arrow hits Dowan.
Dowan is heavily wounded.
Dowan hits you with a +0 dagger.
You shoot an arrow. The arrow misses Dowan.
Dowan hits you but does no damage. Duvessa hits you with a +0 short sword.
You shoot an arrow. The arrow closely misses Dowan.
Dowan hits you with a +0 dagger. Duvessa hits you with a +0 short sword!
You shoot an arrow. The arrow hits Dowan!
Dowan is almost dead.
Dowan closely misses you. Duvessa hits you with a +0 short sword.
You shoot an arrow. The arrow barely misses Dowan.
Dowan casts a spell.
Dowan blinks!
Duvessa barely misses you.
You shoot an arrow.
The arrow hits Duvessa but does no damage.
Duvessa zaps a wand.
You resist with almost no effort.
You shoot an arrow. The arrow hits Duvessa!
Duvessa is lightly wounded.
Dowan points at you and mumbles some strange words.
The puff of flame hits you!
You die...

##.##.# ##...#.##
#....... ####
#...>..# #..#
#......# ##.# ....
.# #.# #.##.######
#.# #..@e.....# #.#
#.##.####.#
##.###########.# e#
#..............# .#
#..############# ..
%..### ##.## .#
.....# ##.#.#####.#
####.###.###......#
...'....## ##...###


You could see Duvessa and Dowan.

Vanquished Creatures
  2 dart slugs
  9 endoplasms
  A giant cockroach (D:3)
  6 hobgoblins
  10 kobolds
  5 quokkas
  10 ball pythons
  4 bats
  9 frilled lizards
  5 goblins
  5 rats
66 creatures vanquished.

Notes
Turn   | Place    | Note
-------+----------+-------------------------------------------
     0 | D:1      | qw the Deep Elf Hunter began the quest for the Orb.
     0 | D:1      | Reached XP level 1. HP: 12/12 MP: 3/3
     0 | D:1      | 0 ||| qw: Version: 0.3-a-155-g5e7d8dd
     0 | D:1      | 0 ||| qw: Game counter: 2817
     0 | D:1      | 0 ||| qw: Melee chars always use a shield: true
     0 | D:1      | 0 ||| qw: God list: Okawaru
     0 | D:1      | 0 ||| qw: Allow faded altars: false
     0 | D:1      | 0 ||| qw: Do Orc after clearing Dungeon:15 true
     0 | D:1      | 0 ||| qw: Do second Lair branch before Depths: true
     0 | D:1      | 0 ||| qw: Lair rune preference: random
     0 | D:1      | 0 ||| qw: Goals: Normal
     0 | D:1      | 0 ||| PLANNING D:1-11
    95 | D:1      | Reached skill level 6 in Ranged Weapons
    95 | D:1      | Reached XP level 2. HP: 15/16 MP: 4/4
   278 | D:1      | Found Jiarogodwi's Book Shop.
   482 | D:1      | Reached XP level 3. HP: 20/20 MP: 5/5
   658 | D:1      | 658 ||| READING scroll labelled TAOQEGEPTY.
   759 | D:1      | 759 ||| READING 2 scrolls labelled YGUIRCHE TAGECS.
   760 | D:1      | 760 ||| DROPPING scroll of butterflies.
   862 | D:2      | Reached skill level 7 in Ranged Weapons
  1528 | D:2      | 1528 ||| UPGRADING to +0 ring mail.
  1538 | D:2      | 1538 ||| DROPPING +0 leather armour.
  1539 | D:2      | 1539 ||| UPGRADING to +6 ring of strength.
  1540 | D:2      | 1540 ||| UPGRADING to ring of willpower.
  1541 | D:2      | 1541 ||| READING 2 scrolls of identify.
  1541 | D:2      | 1541 ||| IDENTIFYING clear potion
  1542 | D:2      | 1542 ||| READING scroll of identify.
  1542 | D:2      | 1542 ||| IDENTIFYING viscous sapphire potion
  1543 | D:2      | 1543 ||| READING scroll labelled UREIB BYAGI.
  1543 | D:2      | 1543 ||| ENCHANTING +0 shortbow.
  1544 | D:2      | 1544 ||| READING scroll labelled JININ NATOPN.
  1545 | D:2      | 1545 ||| READING scroll labelled LIASTR GIMUAGG.
  1546 | D:2      | 1546 ||| READING scroll labelled ILIFISH SE GIELA.
  1910 | D:3      | Reached XP level 4. HP: 25/25 MP: 6/6
  2217 | D:3      | 2217 ||| UPGRADING to +0 helmet.
  2222 | D:3      | 2222 ||| READING scroll of identify.
  2222 | D:3      | 2222 ||| IDENTIFYING bubbling blue potion
  2314 | D:4      | Found an ornate altar of the Wu Jian Council.
  2394 | D:4      | Noticed Duvessa
  2394 | D:4      | Noticed Dowan
  2405 | D:4      | Killed from afar by Dowan

Levels and vault maps discovered:
D:1:      dpeg_arrival_castle, layout_loops_ring, serial_shops,
          nicolae_book_shop_shelving
D:2:      layout_basic, minmay_pentomino_t4
D:3:      layout_basic, minmay_cupped
D:4:      layout_loops_ring, mainiacjoe_overflow_surrounded_room,
          nicolae_vehumet_altar_sigil, lemuel_coloured_pillars_altar,
          serial_undead, serial_undead_f, serial_undead_c, serial_undead_b,
          serial_undead_d, uniq_ijyb, uniq_grinder, uniq_duvessa

Skill      XL: |  1  2  3 |
---------------+----------+-----
Ranged Weapons | 6 7 |  7.5
Fighting       | |  1.5
Dodging        | |  2.4
Stealth        | |  1.2

Action                     |  1- 3 |  4- 6 || total
---------------------------+-------+-------++-------
   Fire: Shortbow          |   147 |    18 ||   165
    Use: Scroll            |     8 |     1 ||     9
 Armour: Leather armour    |    17 |       ||    17
         Ring mail         |     2 |     8 ||    10
  Dodge: Dodged            |    13 |     3 ||    16

Table legend:
 A = Non-vault XP
 B = Vault XP
 C = Vault XP percentage of total XP
 D = Non-vault monster count
 E = Vault monster count
 F = Vault count percentage of total count
                 A         B        C        D         E       F
            +---------+---------+-------+---------+---------+-------
      Total |      95 |      11 |  10.4 |      61 |       5 |   7.6
            +---------+---------+-------+---------+---------+-------
        D:1 |      45 |       0 |   0.0 |      29 |       0 |   0.0
        D:2 |      21 |       9 |  30.0 |      14 |       4 |  22.2
        D:3 |      23 |       2 |   8.0 |      15 |       1 |   6.2
        D:4 |       6 |       0 |   0.0 |       3 |       0 |   0.0
            +---------+---------+-------+---------+---------+-------
